 Dungeon Crawl Stone Soup version 0.29.1-15-g9cfb28693d (webtiles) character file.

Game seed: 8328588444171792400

43 leafyfresh the Sneak (level 3, 0/26 HPs)
             Began as an Octopode Delver on Mar 10, 2023.
             Slain by a jelly (1 damage)
             ... on level 5 of the Dungeon.
             The game lasted 00:00:19 (368 turns).

leafyfresh the Sneak (Octopode Delver)               Turns: 368, Time: 00:00:20

Health: 0/26       AC: -7    Str: 11    XL:     3   Next: 58%
Magic:  3/3        EV: 13    Int: 14    God:
Gold:   17         SH:  0    Dex: 13    Spells: 2/2 levels left

rFire   . . .      SeeInvis .   a - +0 short sword
rCold   . . .      Faith    .   (no shield)
rNeg    . . .      Spirit   .   (helmet restricted)
rPois   .          Reflect  .   (no amulet)
rElec   .          Harm     .   (no ring)
rCorr   .          Rampage  .   (no ring)
Will    .....                   (no ring)
Stlth   ++++......              (no ring)
HPRegen 0.08/turn               (no ring)
MPRegen 0.08/turn               (no ring)
                                (no ring)
                                (no ring)

@: corroded
A: almost no armour, amphibious, 8 rings, camouflage 1, gelatinous body 1,
(nimble swimmer 1), tentacles
a: no special abilities


You were on level 5 of the Dungeon.
You visited 1 branch of the dungeon, and saw 1 of its levels.

You collected 17 gold pieces.

Inventory:

Hand Weapons
 a - a +0 short sword (weapon)
Armour
 g - an orb of energy
Wands
 f - a wand of digging (3)
Scrolls
 b - a scroll of fog
 c - a scroll of magic mapping
 d - a scroll of fear
Potions
 e - a potion of haste


   Skills:
 + Level 3.5 Fighting
 - Level 2.0 Short Blades
 + Level 2.7 Dodging
 + Level 7.1 Stealth


You had 2 spell levels left.
You didn't know any spells.
Your spell library contained the following spells:

 Spells                   Type           Power      Damage    Failure   Level
 Summon Small Mammal      Summ           0%         N/A       28%         1
 Call Canine Familiar     Summ           0%         N/A       65%         3
 Summon Guardian Golem    Hex/Summ       0%         N/A       65%         3


Dungeon Overview and Level Annotations

Branches:
Dungeon (5/15)
 Temple: D:4-7

Altars:
Fedhas


Innate Abilities, Weirdness & Mutations

You cannot wear most types of armour.
You are amphibious.
You can wear up to eight rings at the same time.
Your skin changes colour to match your surroundings (Stealth+).
Your rubbery body absorbs attacks. (AC +1, EV +1)
((You are camouflaged when in or above water. (Stealth+)))
You have tentacles for arms and can constrict up to eight enemies at once.


Message History

You now have 17 gold pieces (gained 6).
You pick up a book of Callings and begin reading...
You add the spells Summon Small Mammal, Call Canine Familiar and Summon Guardian Golem to your library.
No target in view!
A worm comes into view.
A worm is nearby!
Found a stone staircase leading up.
A worm is nearby!
A jelly comes into view.
Found 17 gold pieces.
You see here an orb of energy.
g - an orb of energy No target in view!
No target in view!
The jelly quivers.
The helpless worm fails to defend itself.
You puncture the worm! Your grab misses the worm. You squeeze the worm.
You kill the worm!
The jelly closely misses you.
You see here a worm corpse.
You hit the jelly.
Your tentacles burn!
You squeeze the jelly.
The jelly is moderately wounded.
The jelly hits you. The acid corrodes you!
You are splashed with acid!
You hit the jelly.
Your tentacles burn!
The jelly is heavily wounded.
The jelly closely misses you.
You are too injured to fight recklessly!
You are too injured to fight recklessly!
You are too injured to fight recklessly!
You are too injured to fight recklessly!
Unknown command.
You hit the jelly but do no damage. The acid corrodes you!
Your tentacles burn!
The jelly is heavily wounded.
The jelly hits you.
You are splashed with acid.
* * * LOW HITPOINT WARNING * * *
You hit the jelly.
Your tentacles burn!
* * * LOW HITPOINT WARNING * * *
The jelly is severely wounded.
The jelly hits you.
You die...

.............#....#...
#....................>
# ..............#..#.#.
#. #........#.#.#......
#$.#..........#.#..#.#.
#...........#..........
#..#.......#.#.#..#...
..#....##..............
.......@.......####.#
..#.##J..##....... ..
...##.......### .....
.##....... ..... ..
.##<..### ##......
..... #.. ##. #.....
.... ... .. .......
.....#.


You could see a jelly.

Vanquished Creatures
  A howler monkey (D:5)
  A worm (D:5)
  An orc (D:5)
3 creatures vanquished.

Notes
Turn   | Place    | Note
-------+----------+-------------------------------------------
     0 | D:5      | leafyfresh the Octopode Delver began the quest for the Orb.
     0 | D:5      | Reached XP level 1. HP: 16/16 MP: 1/1
   298 | D:5      | Noticed a howler monkey
   303 | D:5      | Found a blossoming altar of Fedhas.
   305 | D:5      | Killed a howler monkey
   306 | D:5      | Reached skill level 7 in Stealth
   306 | D:5      | Reached XP level 2. HP: 21/21 MP: 2/2
   306 | D:5      | Reached XP level 3. HP: 26/26 MP: 3/3
   368 | D:5      | HP: 1/26 [acid (2)]
   368 | D:5      | Slain by a jelly

Illustrated notes

Levels and vault maps discovered:
D:5:      lemuel_ice_spiral_2, layout_basic,
          mainiacjoe_overflow_small_starburst, minmay_temple_entry_poolview,
          hangedman_decor_peaks_small

Skill      XL: |  1 |
---------------+----+-----
Stealth        | 7 |  7.1
Fighting       | |  3.5
Short Blades   | |  2.0
Dodging        | |  2.7

Action                   || total
-------------------------++-------
Melee: Short sword       ||     9
       Tentacles         ||     3
 Stab: Sleeping          ||     2
Dodge: Dodged            ||     3
